 Dungeon Crawl Stone Soup version 0.31-a0-175-g9f7f995f2b (webtiles) character file.

Game seed: 11569775066611576546

2366 qw the Skirmisher (level 9, -4/82 HPs)
             Began as a Naga Hunter on June 17, 2023.
             Was a Follower of Okawaru.
             Slain by a yak (8 damage)
             ... on level 6 of the Dungeon.
             The game lasted 00:03:00 (5928 turns).

qw the Skirmisher (Naga Hunter)                     Turns: 5928, Time: 00:03:00

Health: -4/82      AC: 11    Str: 19    XL:     9   Next: 44%
Magic:  10/12      EV: 14    Int: 11    God:    Okawaru [*.....]
Gold:   155        SH:  5    Dex: 18    Spells: 8/8 levels left

rFire   + . .        Y - +1 shortbow
rCold   . . .        (shield currently unavailable)
rNeg    . . .        n - +2 leather armour {rF+}
rPois   +            o - +2 hat
rElec   .            (no cloak)
rCorr   .            (no gloves)
SInv    +            (no barding)
Will    +....        h - amulet of reflection
Stlth   +++          p - +6 ring of strength
HPRegen 0.33/turn    (no ring)
MPRegen 0.13/turn

%: reflection
@: about to teleport, short of breath, heroic, very slow
A: AC +3, large, see invisible, deformed body, poison resistance, slowness 2,
spit poison 1, naga tail 1, iridescent scales 1, mutation resistance 1
a: Spit Poison, Renounce Religion, Heroism


You were on level 6 of the Dungeon.
You worshipped Okawaru.
Okawaru was aware of your devotion.
You visited 2 branches of the dungeon, and saw 7 of its levels.
You also visited: Ossuary.

You collected 289 gold pieces.
You spent 134 gold pieces at shops.


Innate Abilities, Weirdness & Mutations

Your serpentine skin is tough. (AC +3)
You have supernaturally acute eyesight. (SInv)
Armour fits poorly on your strangely shaped body.
Your system is resistant to poisons. (rPois)
You cover ground very slowly.
You can spit poison.
You have a snake-like lower body.
You are partially covered in iridescent scales. (AC +2)
You are somewhat resistant to further mutation.


   Skills:
 - Level 6.1(11.1) Fighting
 + Level 9.5(14.5) Ranged Weapons
 - Level 3.2(8.2) Dodging
 - Level 1.5(6.5) Stealth
 - Level 4.0 Invocations


You had 8 spell levels left.
You didn't know any spells.
Your spell library was empty.

Inventory:

Hand Weapons
 Y - a +1 shortbow (weapon)
Armour
 n - a +2 leather armour of fire resistance (worn)
 o - a +2 hat (worn)
Jewellery
 h - an amulet of reflection (around neck)
 p - a +6 ring of strength (left hand)
Scrolls
 b - 4 scrolls of identify
 g - a scroll of teleportation
Potions
 c - a potion of cancellation
 e - a potion of might
 f - a potion of magic
 i - a potion of mutation
 j - 3 potions of curing
 m - 2 potions of enlightenment

Dungeon Overview and Level Annotations

Branches:
Dungeon (6/15)             Temple (1/1) D:4         Ossuary (visited)

Altars:
Ashenzari
Cheibriados
Dithmenos
Elyvilon
Gozag
Kikubaaqudgha
Nemelex Xobeh
Okawaru
Qazlal
Trog
Uskayaw
Vehumet
Wu Jian
Xom
Yredelemnul
Zin
The Shining One

Shops:
D:1 =   D:4 *

Annotations:
D:4 3 runed translucent doors, qw's ghost, amateur GrFi; qw's ghost, amateur GrHu


Message History

The yak barely misses you. The yak gores you!
You shoot an arrow. The arrow hits the yak.
The yak is heavily wounded.
You have got your breath back.
The yak barely misses you. The yak gores you! The yak closely misses you.
5920 ||| INVOKING Spit Poison.
Aiming: Spit Poison (1% risk of failure)
Press: ? - help, Shift-Dir - straight line, f/p - yak The splash of poison misses the yak.
The yak gores you. You block the yak's attack. x2
You shoot an arrow. The arrow barely misses the yak.
The yak barely misses you. You block the yak's attack. The yak gores you!
5922 ||| INVOKING Heroism.
You gain the combat prowess of a mighty hero.
The yak gores you! The yak gores you. x2
You shoot an arrow. The arrow hits the yak!
The yak is severely wounded.
The yak gores you. The yak barely misses you. x2
You shoot an arrow. The arrow barely misses the yak.
You shoot an arrow.
The arrow hits the yak but does no damage.
The yak is severely wounded.
You have got your breath back.
The yak gores you but does no damage. The yak misses you.
The yak closely misses you.
5926 ||| INVOKING Spit Poison.
Aiming: Spit Poison (1% risk of failure)
Press: ? - help, Shift-Dir - straight line, f/p - yak The splash of poison hits the yak!
The yak is poisoned.
The yak is almost dead.
The yak gores you! The yak gores you. You block the yak's attack.
You shoot an arrow.
The arrow hits the yak but does no damage.
The yak is almost dead.
The yak gores you. The yak gores you but does no damage. The yak gores you!
5928 ||| READING 2 scrolls of teleportation.
As you read the scroll of teleportation, it crumbles to dust.
You feel strangely unstable. The yak gores you!
You die...

.#####.##.# #...............
.#####.##.##.....###......#.####
..........##.....# ##.#..8..#
.......)..##.....# #.......##
..........##.....# ###8...8.#
.#####.##.##.....######......####
.#####.##.##.............8......#
.......##.##...YYY#######.#####..
..........##....@.# #.# .
......###.#####.#.# #.#######
#####.###.# #.#.#######..).....
#......#### #.#.......!(#######
#......# ####.###........###
#......# #..........[........
#......#####.######.#############
#............# #..........#.....
#......~....~# #.#.....##.#.####


You could see 3 yaks.

Vanquished Creatures
  A yak (D:5)
  Menkaure (D:5)
  2 ice beasts (D:5)
  2 ogres
  2 phantoms
  2 elf zombies (Ossuary)
  A gnoll sergeant (D:6)
  A bullfrog (D:6)
  2 scorpions
  4 killer bees
  A centaur zombie (Ossuary)
  4 hounds
  A human zombie (Ossuary)
  3 jellies
  3 orc priests (D:5)
  A gnoll bouda (D:5)
  A sleepcap (D:5)
  2 iguanas
  6 orc wizards
  4 hound zombies (Ossuary)
  3 mummies (Ossuary)
  9 adders
  8 gnolls
  A white imp (D:5)
  3 adder zombies (Ossuary)
  2 worms (D:2)
  A dart slug (D:3)
  22 orcs
  2 endoplasms
  2 giant cockroaches
  13 hobgoblins
  12 jackals
  5 quokkas
  2 ball pythons
  5 bats
  2 frilled lizards (D:1)
  A gnoll zombie (Ossuary)
  11 goblins
  5 goblin zombies (Ossuary)
  4 hobgoblin zombies (Ossuary)
  6 jackal zombies (Ossuary)
  3 kobolds
  5 kobold zombies (Ossuary)
  An orc zombie (Ossuary)
  2 quokka zombies (Ossuary)
  7 rats
  2 rat zombies (Ossuary)
183 creatures vanquished.

Notes
Turn   | Place    | Note
-------+----------+-------------------------------------------
     0 | D:1      | qw the Naga Hunter began the quest for the Orb.
     0 | D:1      | Reached XP level 1. HP: 19/19 MP: 1/1
     0 | D:1      | 0 ||| qw: Version: 0.3-a-2-g5ab2908
     0 | D:1      | 0 ||| qw: Game counter: 353
     0 | D:1      | 0 ||| qw: Always use a shield: true
     0 | D:1      | 0 ||| qw: God list: Okawaru
     0 | D:1      | 0 ||| qw: Allow faded altars: false
     0 | D:1      | 0 ||| qw: Do Orc after D:15 true
     0 | D:1      | 0 ||| qw: Do second Lair branch before Depths: true
     0 | D:1      | 0 ||| qw: Lair rune preference: random
     0 | D:1      | 0 ||| qw: Plans: Normal
     0 | D:1      | 0 ||| PLANNING D:1-11
    63 | D:1      | 63 ||| INVOKING Spit Poison.
    67 | D:1      | 67 ||| INVOKING Spit Poison.
   152 | D:1      | Found Lepp's Jewellery Boutique.
   162 | D:1      | 162 ||| SHOPLISTING +4 ring of protection (468 gold, have
                  | 28).
   162 | D:1      | 162 ||| SHOPLISTING +5 ring of evasion (468 gold, have 28).
   162 | D:1      | 162 ||| SHOPLISTING amulet of reflection (390 gold, have
                  | 28).
   162 | D:1      | 162 ||| SHOPLISTING amulet of regeneration (390 gold, have
                  | 28).
   162 | D:1      | 162 ||| SHOPLISTING amulet of the acrobat (390 gold, have
                  | 28).
   162 | D:1      | 162 ||| SHOPLISTING ring of positive energy (260 gold, have
                  | 28).
   162 | D:1      | 162 ||| SHOPLISTING ring of resist corrosion (260 gold,
                  | have 28).
   174 | D:1      | 174 ||| INVOKING Spit Poison.
   180 | D:1      | 180 ||| INVOKING Spit Poison.
   200 | D:1      | 200 ||| INVOKING Spit Poison.
   205 | D:1      | Reached skill level 4 in Ranged Weapons
   205 | D:1      | Reached XP level 2. HP: 20/26 MP: 2/2
   285 | D:1      | 285 ||| INVOKING Spit Poison.
   288 | D:1      | 288 ||| INVOKING Spit Poison.
   335 | D:1      | 335 ||| INVOKING Spit Poison.
   377 | D:1      | 377 ||| INVOKING Spit Poison.
   394 | D:1      | 394 ||| INVOKING Spit Poison.
   422 | D:1      | 422 ||| INVOKING Spit Poison.
   490 | D:1      | 490 ||| INVOKING Spit Poison.
   493 | D:1      | 493 ||| INVOKING Spit Poison.
   613 | D:1      | 613 ||| UPGRADING to +0 helmet.
   618 | D:1      | 618 ||| READING scroll labelled FASHIO BOOMUA.
   619 | D:1      | 619 ||| READING 2 scrolls labelled TOLYSKAY WACKA.
   622 | D:1      | 622 ||| READING scroll labelled CIYFOJ RYRIVU.
   623 | D:1      | 623 ||| DRINKING 2 puce potions.
   623 | D:1      | Gained mutation: You are somewhat resistant to further
                  | mutation. [potion of mutation]
   623 | D:1      | Gained mutation: You are partially covered in iridescent
                  | scales. (AC +2) [potion of mutation]
   624 | D:1      | 624 ||| DROPPING scroll of butterflies.
   641 | D:2      | 641 ||| INVOKING Spit Poison.
   645 | D:2      | 645 ||| INVOKING Spit Poison.
   654 | D:2      | 654 ||| INVOKING Spit Poison.
   691 | D:2      | 691 ||| INVOKING Spit Poison.
   692 | D:2      | Reached XP level 3. HP: 32/32 MP: 3/3
   696 | D:2      | 696 ||| INVOKING Spit Poison.
   709 | D:2      | 709 ||| INVOKING Spit Poison.
   799 | D:2      | 799 ||| INVOKING Spit Poison.
   802 | D:2      | 802 ||| INVOKING Spit Poison.
   814 | D:2      | 814 ||| READING scroll labelled MITOJ ZIUNI.
   815 | D:2      | 815 ||| READING scroll labelled SYXUSCH OLUMAATS.
   818 | D:2      | 818 ||| INVOKING Spit Poison.
   824 | D:2      | 824 ||| INVOKING Spit Poison.
   842 | D:2      | 842 ||| INVOKING Spit Poison.
   953 | D:2      | 953 ||| INVOKING Spit Poison.
   959 | D:2      | 959 ||| INVOKING Spit Poison.
   968 | D:2      | 968 ||| INVOKING Spit Poison.
   994 | D:2      | 994 ||| INVOKING Spit Poison.
   995 | D:2      | Reached skill level 5 in Ranged Weapons
   995 | D:2      | Reached XP level 4. HP: 39/39 MP: 4/4
  1205 | D:2      | 1205 ||| READING 2 scrolls labelled DOIRAE YWIRA.
  1206 | D:2      | 1206 ||| READING scroll labelled PIMPEE MOHOPLI.
  1220 | D:3      | 1220 ||| INVOKING Spit Poison.
  1231 | D:3      | 1231 ||| INVOKING Spit Poison.
  1298 | D:3      | 1298 ||| INVOKING Spit Poison.
  1419 | D:3      | 1419 ||| INVOKING Spit Poison.
  1425 | D:3      | 1425 ||| INVOKING Spit Poison.
  1432 | D:3      | 1432 ||| INVOKING Spit Poison.
  1540 | D:3      | Found a shimmering altar of Xom.
  1542 | D:3      | 1542 ||| INVOKING Spit Poison.
  1561 | D:3      | 1561 ||| INVOKING Spit Poison.
  1564 | D:3      | 1564 ||| INVOKING Spit Poison.
  1568 | D:3      | 1568 ||| INVOKING Spit Poison.
  1573 | D:3      | 1573 ||| INVOKING Spit Poison.
  1578 | D:3      | Reached skill level 3 in Fighting
  1578 | D:3      | Reached XP level 5. HP: 21/49 MP: 5/5
  1850 | D:3      | 1850 ||| UPGRADING to +2 leather armour of fire resistance.
  1860 | D:3      | 1860 ||| DROPPING +0 leather armour.
  1861 | D:3      | 1861 ||| UPGRADING to +2 hat.
  1871 | D:3      | 1871 ||| DROPPING +0 helmet.
  1872 | D:3      | 1872 ||| UPGRADING to amulet of reflection.
  1877 | D:3      | 1877 ||| UPGRADING to +6 ring of strength.
  1878 | D:3      | 1878 ||| DRINKING 2 metallic emerald potions.
  1879 | D:3      | 1879 ||| READING 3 scrolls of identify.
  1879 | D:3      | 1879 ||| IDENTIFYING dark potion
  1880 | D:3      | 1880 ||| READING 2 scrolls of identify.
  1880 | D:3      | 1880 ||| IDENTIFYING grey potion
  1881 | D:3      | 1881 ||| DROPPING potion of invisibility.
  1925 | D:4      | 1925 ||| INVOKING Spit Poison.
  1929 | D:4      | 1929 ||| INVOKING Spit Poison.
  1932 | D:4      | 1932 ||| INVOKING Spit Poison.
  1982 | D:4      | Found a staircase to the Ecumenical Temple.
  1983 | D:4      | 1983 ||| PLANNING TEMPLE
  1992 | Temple   | Entered the Ecumenical Temple
  1993 | Temple   | 1993 ||| PLANNING OKAWARU WORSHIP
  1997 | Temple   | Became a worshipper of Warmaster Okawaru
  1998 | Temple   | 1998 ||| PLANNING D:1-11
  2090 | D:4      | 2090 ||| INVOKING Spit Poison.
  2093 | D:4      | 2093 ||| INVOKING Spit Poison.
  2100 | D:4      | 2100 ||| INVOKING Spit Poison.
  2106 | D:4      | 2106 ||| INVOKING Spit Poison.
  2132 | D:4      | 2132 ||| INVOKING Spit Poison.
  2149 | D:4      | 2149 ||| INVOKING Spit Poison.
  2170 | D:4      | Found a runed translucent gate.
  2170 | D:4      | Found a runed translucent gate.
  2170 | D:4      | Found a runed translucent gate.
  2171 | D:4      | Noticed qw's ghost (amateur GrHu)
  2175 | D:4      | 2175 ||| INVOKING Spit Poison.
  2191 | D:4      | 2191 ||| INVOKING Spit Poison.
  2200 | D:4      | 2200 ||| INVOKING Spit Poison.
  2217 | D:4      | Noticed qw's ghost (amateur GrFi)
  2217 | D:4      | Noticed qw's ghost (amateur GrFi)
  2231 | D:4      | Noticed an ogre
  2233 | D:4      | 2233 ||| INVOKING Spit Poison.
  2238 | D:4      | 2238 ||| INVOKING Spit Poison.
  2238 | D:4      | Killed an ogre
  2239 | D:4      | Reached skill level 6 in Ranged Weapons
  2239 | D:4      | Reached XP level 6. HP: 56/56 MP: 6/6
  2270 | D:4      | Found Voku's Assorted Antiques.
  2271 | D:4      | 2271 ||| INVOKING Spit Poison.
  2275 | D:4      | 2275 ||| INVOKING Spit Poison.
  2281 | D:4      | 2281 ||| BUYING brown potion (25 gold).
  2281 | D:4      | Bought a brown potion for 25 gold pieces
  2281 | D:4      | 2281 ||| SHOPLISTING potion of heal wounds (140 gold, have
                  | 115).
  2281 | D:4      | 2281 ||| SHOPLISTING runed sling (126 gold, have 115).
  2281 | D:4      | 2281 ||| BUYING scroll labelled YQIBLUEMOBA (28 gold).
  2281 | D:4      | Bought a scroll labelled YQIBLUEMOBA for 28 gold pieces
  2281 | D:4      | 2281 ||| BUYING scroll of identify (56 gold).
  2281 | D:4      | Bought a scroll of identify for 56 gold pieces
  2281 | D:4      | 2281 ||| SHOPLISTING scroll of identify (56 gold, have 31).
  2281 | D:4      | 2281 ||| BUYING sedimented cyan potion (25 gold).
  2281 | D:4      | Bought a sedimented cyan potion for 25 gold pieces
  2281 | D:4      | 2281 ||| SHOPLISTING twisted bone wand (112 gold, have 6).
  2335 | D:4      | 2335 ||| INVOKING Spit Poison.
  2336 | D:4      | 2336 ||| INVOKING Spit Poison.
  2340 | D:4      | 2340 ||| INVOKING Spit Poison.
  2375 | D:4      | 2375 ||| INVOKING Spit Poison.
  2380 | D:4      | 2380 ||| INVOKING Spit Poison.
  2395 | D:4      | 2395 ||| INVOKING Spit Poison.
  2399 | D:4      | 2399 ||| INVOKING Spit Poison.
  2412 | D:4      | 2412 ||| INVOKING Spit Poison.
  2420 | D:4      | 2420 ||| INVOKING Spit Poison.
  2572 | D:4      | 2572 ||| INVOKING Spit Poison.
  2581 | D:4      | 2581 ||| INVOKING Spit Poison.
  2704 | D:4      | 2704 ||| READING scroll labelled WAIZAT TEOCOWEI.
  2705 | D:4      | 2705 ||| READING scroll labelled OWUHAGRE UMUG.
  2706 | D:4      | 2706 ||| READING scroll labelled YQIBLUEMOBA.
  2707 | D:4      | 2707 ||| DRINKING 2 sedimented cyan potions.
  2708 | D:4      | 2708 ||| DRINKING 2 murky black potions.
  2709 | D:4      | 2709 ||| READING 4 scrolls of identify.
  2709 | D:4      | 2709 ||| IDENTIFYING black potion
  2710 | D:4      | 2710 ||| READING 3 scrolls of identify.
  2710 | D:4      | 2710 ||| IDENTIFYING yellow potion
  2711 | D:4      | 2711 ||| READING 2 scrolls of identify.
  2711 | D:4      | 2711 ||| IDENTIFYING red potion
  2712 | D:4      | 2712 ||| DROPPING potion of brilliance.
  2713 | D:4      | 2713 ||| DROPPING potion of attraction.
  2733 | D:5      | Entered Level 5 of the Dungeon
  2734 | D:5      | 2734 ||| INVOKING Spit Poison.
  2736 | D:5      | Reached * piety under Okawaru
  2737 | D:5      | 2737 ||| STAIRDANCE
  2740 | D:4      | 2740 ||| INVOKING Spit Poison.
  2742 | D:4      | 2742 ||| INVOKING Heroism.
  2744 | D:4      | Reached XP level 7. HP: 43/66 MP: 4/7
  2747 | D:4      | 2747 ||| INVOKING Spit Poison.
  2749 | D:4      | HP: 16/66 [killer bee (5)]
  2750 | D:4      | 2750 ||| READING 3 scrolls of teleportation.
  2751 | D:4      | 2751 ||| DRINKING potion of heal wounds.
  2752 | D:4      | 2752 ||| INVOKING Spit Poison.
  2753 | D:4      | 2753 ||| INVOKING Heroism.
  2952 | D:5      | 2952 ||| INVOKING Spit Poison.
  2954 | D:5      | 2954 ||| STAIRDANCE
  2958 | D:4      | 2958 ||| INVOKING Spit Poison.
  3119 | D:5      | 3119 ||| INVOKING Spit Poison.
  3125 | D:5      | 3125 ||| INVOKING Spit Poison.
  3130 | D:5      | 3130 ||| INVOKING Spit Poison.
  3130 | D:5      | Found a shadowy altar of Dithmenos.
  3134 | D:5      | 3134 ||| INVOKING Spit Poison.
  3140 | D:5      | 3140 ||| INVOKING Spit Poison.
  3143 | D:5      | 3143 ||| INVOKING Spit Poison.
  3144 | D:5      | 3144 ||| INVOKING Heroism.
  3147 | D:5      | Reached skill level 7 in Ranged Weapons
  3147 | D:5      | 3147 ||| INVOKING Spit Poison.
  3151 | D:5      | 3151 ||| INVOKING Spit Poison.
  3155 | D:5      | 3155 ||| INVOKING Spit Poison.
  3158 | D:5      | 3158 ||| INVOKING Spit Poison.
  3162 | D:5      | 3162 ||| INVOKING Spit Poison.
  3165 | D:5      | HP: 14/66 [orc/+0 trident (6)]
  3166 | D:5      | 3166 ||| READING 2 scrolls of teleportation.
  3167 | D:5      | 3167 ||| INVOKING Heroism.
  3168 | D:5      | 3168 ||| INVOKING Spit Poison.
  3172 | D:5      | 3172 ||| INVOKING Spit Poison.
  3180 | D:5      | 3180 ||| INVOKING Spit Poison.
  3338 | D:5      | Found a bloodstained altar of Trog.
  3362 | D:5      | 3362 ||| INVOKING Heroism.
  3363 | D:5      | 3363 ||| INVOKING Spit Poison.
  3368 | D:5      | 3368 ||| INVOKING Spit Poison.
  3383 | D:5      | Reached XP level 8. HP: 31/73 MP: 6/8
  3572 | D:5      | Noticed Menkaure
  3573 | D:5      | 3573 ||| INVOKING Heroism.
  3582 | D:5      | Killed Menkaure
  3583 | D:5      | Reached skill level 8 in Ranged Weapons
  3739 | D:5      | 3739 ||| INVOKING Heroism.
  3740 | D:5      | 3740 ||| INVOKING Heroism.
  3741 | D:5      | 3741 ||| INVOKING Heroism.
  3744 | D:5      | Reached skill level 1 in Invocations
  3830 | D:5      | Noticed a yak
  3867 | D:5      | 3867 ||| INVOKING Spit Poison.
  3873 | D:5      | 3873 ||| INVOKING Spit Poison.
  3878 | D:5      | 3878 ||| INVOKING Spit Poison.
  3882 | D:5      | 3882 ||| INVOKING Spit Poison.
  3884 | D:5      | 3884 ||| INVOKING Heroism.
  3885 | D:5      | Killed a yak
  3886 | D:5      | Reached skill level 3 in Invocations
  3887 | D:5      | 3887 ||| INVOKING Spit Poison.
  3896 | D:5      | 3896 ||| INVOKING Spit Poison.
  4087 | D:5      | 4087 ||| INVOKING Spit Poison.
  4092 | D:5      | 4092 ||| INVOKING Spit Poison.
  4097 | D:5      | 4097 ||| INVOKING Spit Poison.
  4103 | D:5      | 4103 ||| INVOKING Heroism.
  4107 | D:5      | 4107 ||| INVOKING Spit Poison.
  4113 | D:5      | 4113 ||| INVOKING Spit Poison.
  4140 | D:5      | 4140 ||| INVOKING Spit Poison.
  4322 | D:5      | 4322 ||| INVOKING Heroism.
  4323 | D:5      | 4323 ||| INVOKING Spit Poison.
  4330 | D:5      | 4330 ||| INVOKING Spit Poison.
  4339 | D:5      | 4339 ||| INVOKING Spit Poison.
  4341 | D:5      | 4341 ||| INVOKING Heroism.
  4344 | D:5      | 4344 ||| INVOKING Spit Poison.
  4373 | D:5      | 4373 ||| INVOKING Spit Poison.
  4380 | D:5      | 4380 ||| INVOKING Spit Poison.
  4480 | D:5      | 4480 ||| INVOKING Heroism.
  4813 | D:5      | 4813 ||| INVOKING Spit Poison.
  4815 | D:5      | 4815 ||| Stepping ~*~*~tactically~*~*~ (outnumbered).
  4816 | D:5      | 4816 ||| Stepping ~*~*~tactically~*~*~ (outnumbered).
  4819 | D:5      | 4819 ||| INVOKING Spit Poison.
  4820 | D:5      | 4820 ||| INVOKING Heroism.
  4826 | D:5      | 4826 ||| INVOKING Spit Poison.
  4831 | D:5      | Reached skill level 9 in Ranged Weapons
  4831 | D:5      | Reached XP level 9. HP: 71/81 MP: 10/12
  4832 | D:5      | 4832 ||| INVOKING Spit Poison.
  4962 | D:6      | 4962 ||| PLANNING OSSUARY
  4962 | D:6      | 4962 ||| INVOKING Spit Poison.
  4969 | D:6      | 4969 ||| INVOKING Spit Poison.
  4976 | D:6      | 4976 ||| INVOKING Spit Poison.
  4979 | D:6      | 4979 ||| STAIRDANCE
  5021 | D:6      | 5021 ||| INVOKING Spit Poison.
  5026 | D:6      | 5026 ||| INVOKING Spit Poison.
  5077 | D:6      | Found a white marble altar of Elyvilon.
  5141 | D:6      | 5141 ||| INVOKING Spit Poison.
  5145 | D:6      | Reached skill level 3 in Dodging
  5148 | D:6      | 5148 ||| INVOKING Spit Poison.
  5149 | D:6      | 5149 ||| INVOKING Spit Poison.
  5156 | D:6      | 5156 ||| INVOKING Spit Poison.
  5161 | D:6      | Found a sand-covered staircase.
  5162 | D:6      | 5162 ||| READING 3 scrolls of identify.
  5162 | D:6      | 5162 ||| IDENTIFYING brown potion
  5163 | D:6      | 5163 ||| DROPPING potion of degeneration.
  5173 | Ossuary  | Entered an ossuary
  5388 | Ossuary  | Reached skill level 6 in Fighting
  5548 | Ossuary  | 5548 ||| READING 5 scrolls of identify.
  5548 | Ossuary  | 5548 ||| IDENTIFYING sedimented red potion
  5549 | Ossuary  | 5549 ||| READING 4 scrolls of identify.
  5549 | Ossuary  | 5549 ||| IDENTIFYING fuming silvery potion
  5550 | Ossuary  | 5550 ||| DROPPING potion of ambrosia.
  5561 | D:6      | 5561 ||| PLANNING D:1-11
  5601 | D:6      | 5601 ||| INVOKING Heroism.
  5630 | D:6      | 5630 ||| INVOKING Spit Poison.
  5662 | D:5      | 5662 ||| INVOKING Spit Poison.
  5670 | D:5      | 5670 ||| INVOKING Spit Poison.
  5810 | D:6      | Found an ancient bone altar of Kikubaaqudgha.
  5813 | D:6      | Found an opulent altar of Gozag.
  5856 | D:6      | 5856 ||| INVOKING Spit Poison.
  5898 | D:6      | Found a stormy altar of Qazlal.
  5914 | D:6      | 5914 ||| INVOKING Spit Poison.
  5920 | D:6      | 5920 ||| INVOKING Spit Poison.
  5922 | D:6      | 5922 ||| INVOKING Heroism.
  5926 | D:6      | 5926 ||| INVOKING Spit Poison.
  5927 | D:6      | HP: 17/82 [yak (6)]
  5927 | D:6      | HP: 4/82 [yak (13)]
  5928 | D:6      | 5928 ||| READING 2 scrolls of teleportation.
  5928 | D:6      | Slain by a yak

Levels and vault maps discovered:
D:1:      lemuel_arrival_broad_hall, layout_rooms, serial_shops, shop,
          st_stairs_6, minivault_25, roderic_serpentine_path,
          minmay_curled_crystal
D:2:      layout_loops_ring, hangedman_glass_teeth
D:3:      layout_basic, mainiacjoe_overflow_boulevard, minmay_goblin_outpost
D:4:      layout_basic, minmay_temple_entry_mist, serial_shops,
          nicolae_shop_hallway_plus, serial_glass, glass_columns_a,
          glass_columns_a, gammafunk_ghost_cemetery, kennysheep_small_square
D:5:      minmay_chambers_of_fours, layout_layer_cave,
          nicolae_dithmenos_the_darkroom, mainiacjoe_overflow_chevrons,
          corexii_checkpoint_a, uniq_menkaure
D:6:      layout_basic, lemuel_doored_altar, nicolae_qazlal_general_emergency,
          makhleb_blood_cavern_becter, minitemple,
          nicolae_ossuary_entry_monument, minmay_misc_feat_square,
          uniq_eustachio
Temple:   hellmonk_temple_micro_hex

Skill      XL: |  1  2  3  4  5  6  7  8  9 |
---------------+----------------------------+-----
Ranged Weapons | 4 5 6 7 9 |  9.5
Fighting       | 3 4 5 6 |  6.1
Dodging        | 2 3 |  3.2
Invocations    | 4 |  4.0
Stealth        | |  1.5

Action                     |  1- 3 |  4- 6 |  7- 9 || total
---------------------------+-------+-------+-------++-------
   Fire: Shortbow          |    57 |   132 |   428 ||   617
 Invoke: Heroism           |       |     1 |    14 ||    15
Ability: Spit Poison       |    28 |    39 |    57 ||   124
    Use: Scroll            |     5 |    10 |     6 ||    21
         Potion            |     1 |     3 |     1 ||     5
 Armour: Leather armour    |    16 |    36 |   108 ||   160
  Dodge: Dodged            |    16 |    30 |   121 ||   167
  Block: Other             |       |    18 |    80 ||    98
         Reflection        |       |     2 |       ||     2

Table legend:
 A = Non-vault XP
 B = Vault XP
 C = Vault XP percentage of total XP
 D = Non-vault monster count
 E = Vault monster count
 F = Vault count percentage of total count
                 A         B        C        D         E       F
            +---------+---------+-------+---------+---------+-------
      Total |    2209 |    1172 |  34.7 |     127 |      56 |  30.6
            +---------+---------+-------+---------+---------+-------
        D:1 |      30 |       0 |   0.0 |      12 |       0 |   0.0
        D:2 |      60 |       0 |   0.0 |      19 |       0 |   0.0
        D:3 |      77 |      14 |  15.4 |      16 |       7 |  30.4
        D:4 |     542 |       0 |   0.0 |      32 |       0 |   0.0
        D:5 |    1051 |     691 |  39.7 |      36 |       9 |  20.0
        D:6 |     449 |       0 |   0.0 |      12 |       0 |   0.0
    Ossuary |       0 |     467 | 100.0 |       0 |      40 | 100.0
            +---------+---------+-------+---------+---------+-------
